AoeStats
← AxD | Cad Bane

Arena

509233701Analyzed
4v4 RM · 5d ago on Sep 26, 2026· 65m 8s· 8 players
Game mode
Random Map
Map size
Large (8 player)
Population
200
Speed
Normal
Resources
Standard
Victory
Conquest
Starting age
Dark Age
Ending age
Imperial Age
RankedLock teamsTeams togetherTeam positionsShared explorationLock speedFull tech treeHidden civsTurbo modeCheats
Victory
Defeat
🇨🇳 Britons · China
1611
+14
🇨🇴 Italians · Colombia
1531
+17
🇨🇴 Varangians · Colombia
1528
+17
🇧🇷 Teutons · Brazil
1506
+18
🇸🇻 Slavs · El Salvador
1606
-18
🇦🇷 Italians · Argentina
1573
-17
🇨🇱 Varangians · Chile
1566
-17
🇦🇷 Teutons · Argentina
1497
-14
GAX | Gabasco
10:02 Feudal Age
14:33 Castle Age
12:43 Double-Bit Axe
14:32 Bloodlines
16:26 Horse Collar
17:37 Scale Barding Armor
17:40 Loom
19:46 Chain Barding Armor
22:17 Wheelbarrow
24:08 Hand Cart
24:51 Gold Mining
25:18 Heavy Plow
26:46 Stone Mining
29:23 Forging
29:13 Scale Mail Armor
31:50 Imperial Age
29:23 Pikeman
30:04 Squires
30:41 Iron Casting
30:56 Bow Saw
32:19 Chain Mail Armor
33:14 Plate Barding Armor
34:09 Chain Mail Armor
34:54 Blast Furnace
34:12 Chain Mail Armor
35:44 Stone Shaft Mining
36:32 Two-Man Saw
36:04 Crop Rotation
34:59 Cavalier
35:09 Halberdier
36:39 Conscription
36:40 Crenellations
37:13 Cavalier
38:24 Plate Mail Armor
37:52 Elite Teutonic Knight
40:40 Caravan
45:54 Fletching
46:04 Padded Archer Armor
46:27 Ballistics
47:07 Chemistry
46:18 Masonry
46:14 Siege Engineers
47:18 Elite Skirmisher
48:14 Bodkin Arrow
48:34 Leather Archer Armor
56:03 Ring Archer Armor
63:07 Town Watch
64:58 Bombard Tower
Ux'LeonzAoe
10:28 Feudal Age
14:12 Castle Age
12:26 Double-Bit Axe
12:23 Horse Collar
15:27 Bow Saw
15:19 Heavy Plow
17:04 Fervor
18:49 Wheelbarrow
22:34 Gold Mining
23:15 Hand Cart
24:34 Gold Mining
24:41 Stone Mining
25:55 Town Watch
26:34 Scale Mail Armor
26:22 Loom
29:11 Imperial Age
27:43 Stone Shaft Mining
27:31 Arson
27:47 Squires
28:04 Chain Mail Armor
28:37 Forging
29:16 Gothikon
30:17 Conscription
29:20 Elite Varangian Guard
30:37 Plate Mail Armor
29:59 Capped Ram
31:26 Iron Casting
34:52 Blast Furnace
35:13 Crop Rotation
35:34 Coinage
34:49 Siege Ram
36:33 Siege Engineers
38:53 Banking
38:32 Scale Barding Armor
37:48 Elite Jarl
37:59 Vendel Legacy
39:27 Ballistics
40:07 Chemistry
40:11 Two-Man Saw
41:01 Masonry
42:55 Chain Barding Armor
44:17 Plate Barding Armor
43:33 Fletching
44:16 Architecture
47:12 Bloodlines
47:03 Husbandry
48:22 Caravan
51:09 Bodkin Arrow
52:01 Bracer
53:50 Guilds
Marlin
10:10 Feudal Age
14:58 Castle Age
13:18 Double-Bit Axe
13:56 Horse Collar
16:03 Bow Saw
16:34 Gold Mining
18:20 Loom
19:13 Fletching
28:31 Imperial Age
26:55 Bodkin Arrow
27:39 Padded Archer Armor
27:34 Stone Mining
28:59 Ballistics
30:30 Chemistry
31:21 Wheelbarrow
31:43 Bracer
34:12 Crossbowman
35:01 Arbalester
36:13 Hand Cart
37:29 Leather Archer Armor
38:53 Ring Archer Armor
39:21 Town Watch
40:21 Fortified Wall
41:38 Conscription
42:12 Yeomen
42:53 Forging
42:43 Scale Mail Armor
44:51 Masonry
44:27 Arrowslits
44:33 Heated Shot
44:44 Elite Longbowman
46:32 Two-Man Saw
46:12 Pikeman
50:00 Iron Casting
49:40 Chain Mail Armor
50:19 Halberdier
52:02 Blast Furnace
51:15 Squires
51:42 Scale Barding Armor
52:09 Plate Mail Armor
51:39 Light Cavalry
52:19 Husbandry
53:09 Architecture
56:00 Chain Barding Armor
57:19 Man-at-Arms
57:44 Gambesons
58:54 Plate Barding Armor
61:16 Elite Skirmisher
62:07 Caravan
61:45 Long Swordsman
62:37 Treadmill Crane
62:53 Murder Holes
63:17 Two-Handed Swordsman
63:52 Champion
dialchacri
6:52 Loom
9:35 Feudal Age
16:23 Castle Age
15:16 Double-Bit Axe
17:53 Horse Collar
25:32 Bow Saw
27:49 Wheelbarrow
33:02 Imperial Age
31:09 Fletching
31:50 Bodkin Arrow
32:39 Ballistics
34:50 Chemistry
33:50 Town Watch
34:20 Hand Cart
34:49 Bracer
36:09 Conscription
AxD | Cad Bane
10:35 Feudal Age
14:34 Castle Age
13:29 Double-Bit Axe
13:50 Horse Collar
15:06 Forging
15:52 Fletching
16:38 Bow Saw
18:50 Fletching
21:41 Iron Casting
21:55 Scale Barding Armor
25:07 Wheelbarrow
27:02 Hand Cart
32:28 Imperial Age
29:46 Loom
29:46 Town Watch
29:56 Gold Mining
29:56 Stone Mining
30:21 Scale Mail Armor
31:24 Heavy Plow
32:18 Chain Mail Armor
32:07 Man-at-Arms
32:32 Gambesons
32:48 Squires
32:34 Arson
33:45 Elite Varangian Guard
35:40 Plate Mail Armor
37:52 Blast Furnace
36:45 Gothikon
39:27 Two-Man Saw
38:57 Conscription
42:11 Coinage
44:20 Banking
44:58 Capped Ram
48:59 Siege Ram
52:05 Bodkin Arrow
55:10 Siege Engineers
54:47 Treadmill Crane
57:37 Fortified Wall
57:47 Pikeman
63:28 Masonry
64:38 Halberdier
AxD | Keiokenkun-Uno-Puro
5:53 Loom
8:38 Feudal Age
10:55 Fletching
17:25 Wheelbarrow
20:38 Town Watch
24:49 Castle Age
23:50 Horse Collar
24:07 Gold Mining
24:53 Stone Mining
26:01 Double-Bit Axe
26:55 Bow Saw
31:02 Hand Cart
31:11 Fortified Wall
35:36 Imperial Age
33:14 Bodkin Arrow
33:52 Heavy Plow
35:09 Scale Mail Armor
35:19 Forging
36:08 Ironclad
35:15 Pikeman
35:55 Squires
36:12 Chain Mail Armor
35:59 Arson
35:53 Onager
35:58 Halberdier
37:05 Gambesons
38:01 Hoardings
39:14 Chemistry
41:32 Capped Ram
44:42 Padded Archer Armor
48:10 Stone Shaft Mining
49:37 Siege Engineers
51:58 Leather Archer Armor
55:44 Ring Archer Armor
56:23 Plate Mail Armor
56:29 Iron Casting
58:49 Bloodlines
Cronos
10:22 Feudal Age
14:31 Castle Age
13:00 Double-Bit Axe
13:07 Fletching
13:31 Horse Collar
13:45 Loom
16:00 Bodkin Arrow
21:19 Gold Mining
28:48 Bow Saw
31:45 Imperial Age
32:30 Bracer
33:16 Padded Archer Armor
34:04 Ballistics
34:44 Chemistry
37:41 Leather Archer Armor
44:25 Elite Skirmisher
45:32 Thumb Ring
47:37 Ring Archer Armor
AxD | Kurumi 002
10:28 Feudal Age
14:02 Castle Age
12:04 Double-Bit Axe
13:16 Horse Collar
15:19 Bow Saw
18:21 Loom
19:14 Wheelbarrow
18:29 Town Watch
20:45 Heavy Plow
22:50 Hand Cart
29:11 Imperial Age
27:21 Forging
27:11 Scale Mail Armor
27:09 Gold Mining
27:26 Pikeman
28:08 Squires
29:04 Iron Casting
29:00 Chain Mail Armor
29:14 Capped Ram
31:01 Blast Furnace
31:04 Conscription
30:48 Siege Ram
32:21 Plate Mail Armor
32:25 Siege Engineers
34:02 Druzhina
34:45 Man-at-Arms
36:35 Long Swordsman
38:09 Crop Rotation
38:15 Gold Shaft Mining
38:41 Two-Man Saw
37:19 Long Swordsman
37:59 Two-Handed Swordsman
38:57 Scale Barding Armor
38:53 Champion
40:28 Light Cavalry
41:18 Bloodlines
41:09 Husbandry
41:34 Chain Barding Armor
42:03 Fortified Wall
42:13 Hussar
47:26 Plate Barding Armor
51:49 Coinage
52:06 Fletching
53:25 Onager
54:44 Siege Onager
Connection lost

Rejoining the realm…

Still unreachable

The connection could not be restored.

Session expired

The server has moved on; the page needs a fresh start.